Map: Aura letal EJ

Players

Leavage - Winner!

  • Race: Terran Terran
  • League: Platinum
  • Spawn Location: 11:00

IA (Medio) 1

  • Race: Zerg Zerg
  • Spawn Location: 5:00

VOD

Have the link to the VOD?

Description

Time

  • Played on: Aug. 3, 2020, 10:01 p.m.
  • Length: 12:19
Show
View Real Time Build Order
Export as new Build Order

Leavage Terran - Winner!

Build Orders: Reaper Expand, Hellion Banshee 

Get SALT Encoding   

  12  0:00  SCV  
  13  0:12  SCV  
  14  0:17  Supply Depot  
  14  0:24  SCV  
  15  0:38  SCV  
  15  0:39  Barracks  
  16  0:44  Refinery  
  16  0:51  SCV  
  17  1:03  SCV  
  18  1:15  SCV  
  19  1:28  Reaper  
  19  1:29  Orbital Command  
  20  1:39  Command Center  
  20  1:58  SCV, Supply Depot  
  20  2:00  Marine  
  22  2:06  Factory  
  22  2:12  SCV  
  22  2:14  Refinery  
  23  2:27  Barracks Reactor  
  23  2:28  SCV  
  24  2:40  SCV  
  25  2:51  Orbital Command  
  25  2:52  SCV  
  26  3:02  Starport  
  26  3:07  SCV  
  27  3:15  Supply Depot  
  27  3:17  SCV  
  27  3:19  SCV  
  29  3:20  Hellion  
  29  3:21  Hellion  
  33  3:29  SCV  
  33  3:32  SCV  
  35  3:36  Barracks Tech Lab  
  35  3:37  Supply Depot  
  35  3:41  SCV  
  35  3:43  Hellion x2  
  40  3:48  SCV  
  41  3:59  SCV  
  41  4:00  SCV  
  43  4:03  Supply Depot  
  43  4:04  Hellion x2  
  43  4:05  Cloaking Field  
  43  4:06  Banshee  
  50  4:11  SCV  
  50  4:12  Armory  
  50  4:13  SCV  
  52  4:23  SCV  
  53  4:25  SCV, Supply Depot, Hellion  
  53  4:26  Hellion  
  58  4:35  SCV  
  58  4:37  SCV  
  60  4:46  Command Center  
  60  4:47  SCV  
  60  4:48  Barracks Tech Lab, Banshee  
  64  5:02  SCV x2  
  66  5:15  Barracks  
  66  5:17  SCV x2  
  66  5:18  Barracks  
  66  5:21  Refinery  
  68  5:22  Refinery  
  68  5:23  Engineering Bay x2  
  68  5:25  Stimpack  
  68  5:26  Marine  
  69  5:29  SCV  
  68  5:37  SCV  
  69  5:47  SCV  
  69  5:49  SCV  
  71  5:54  Marine  
  72  5:59  SCV  
  73  6:17  SCV  
  74  6:27  Terran Infantry Weapons Level 1, Terran Infantry Armor Level 1  
  74  6:29  Terran Vehicle Weapons Level 1, SCV, Factory Tech Lab  
  75  6:34  Orbital Command  
  75  6:41  Marine x3  
  75  6:44  Barracks Reactor  
  78  6:48  SCV  
  79  6:56  Starport Reactor  
  79  6:58  Marine  
  79  6:59  Marine  
  81  7:04  SCV x3  
  81  7:05  Marine  
  85  7:14  Refinery  
  85  7:15  Barracks  
  85  7:16  Marine, SCV x2  
  85  7:17  SCV, Barracks  
  85  7:18  Marine  
  85  7:20  Siege Tank  
  93  7:33  Marine, SCV  
  93  7:34  SCV  
  93  7:36  Marine x3, SCV, Supply Depot  
  93  7:37  Marine  
  100  7:38  Supply Depot  
  101  7:46  SCV, Medivac x2  
  106  7:51  Marine  
  106  7:52  Supply Depot  
  106  7:54  Marine x2  
  106  7:57  Marine x2  
  106  7:58  Siege Tank  
  114  8:01  Supply Depot  
  114  8:08  Refinery  
  114  8:09  Marine, SCV x3  
  114  8:12  Marine  
  121  8:13  Barracks Reactor  
  121  8:14  Barracks Reactor  
  121  8:15  Marine x3  
  121  8:17  Medivac  
  121  8:18  Medivac  
  126  8:21  SCV x2  
  126  8:24  Supply Depot  
  128  8:27  Supply Depot  
  128  8:30  Siege Tank  
  131  8:34  Marine x5  
  131  8:35  Terran Infantry Armor Level 2, Terran Infantry Weapons Level 2  
  131  8:41  Supply Depot  
  136  8:52  Marine x5  
  141  9:01  Marine, SCV x3  
  141  9:02  Marine x3  
  148  9:10  Marine x5  
  148  9:12  Supply Depot  
  153  9:17  Command Center  
  153  9:19  Marine x2  
  153  9:20  Marine, Supply Depot  
  153  9:21  Supply Depot  
  153  9:22  Supply Depot  
  156  9:32  Marine x2  
  156  9:33  Marine x4  
  156  9:36  Medivac, Siege Tank  
  156  9:37  Marine x3  
  170  9:50  Marine x3  
  171  10:07  Marine  
  171  10:08  Marine x6  
  180  10:18  Siege Tank  
  180  10:19  Medivac x2  
  187  10:25  Marine  
  187  10:26  Marine x4  
  192  10:29  Marine x2  
  192  10:31  Marine x2  
  192  10:33  Planetary Fortress  
  190  10:43  Marine x3  
  190  10:45  Factory  
  190  10:47  Marine x2  
  193  10:51  Starport  
  191  11:01  Refinery  
  191  11:03  Refinery  
  188  11:28  Marine x8  
  188  11:29  Marine  
  188  11:31  Siege Tank  
  188  11:32  Medivac  
  199  11:46  Marine  
  199  11:51  Marine  
Show
View Real Time Build Order
Export as new Build Order

IA (Medio) 1 Zerg 

Build Orders: Hatch First 

Get SALT Encoding   

  12  0:01  Drone  
  13  0:12  Overlord  
  13  0:16  Drone  
  14  0:30  Drone  
  14  0:33  Drone  
  16  0:36  Drone  
  17  0:52  Hatchery  
  17  0:56  Drone  
  17  1:11  Spawning Pool  
  16  1:12  Drone  
  16  1:15  Drone  
  16  1:17  Extractor  
  17  1:20  Drone  
  18  1:27  Overlord  
  18  1:58  Zergling x4, Queen  
  18  2:00  Drone, Roach Warren  
  22  2:01  Extractor  
  22  2:04  Drone  
  22  2:34  Overlord  
  22  2:38  Drone  
  22  2:40  Roach  
  22  2:41  Roach  
  22  2:42  Roach, Drone  
  30  2:45  Drone  
  31  2:56  Drone  
  32  3:00  Drone  
  32  3:01  Lair  
  32  3:04  Roach  
  35  3:14  Drone  
  36  3:20  Overlord  
  36  3:36  Extractor  
  36  3:38  Drone  
  36  3:48  Drone  
  37  3:51  Drone  
  37  3:54  Drone  
  39  4:00  Hydralisk Den  
  38  4:03  Infestation Pit  
  38  4:05  Extractor, Drone  
  38  4:09  Drone  
  38  4:12  Drone  
  38  4:15  Drone  
  40  4:18  Drone  
  40  4:22  Overlord, Drone  
  42  4:30  Drone  
  42  4:31  Hydralisk  
  43  4:34  Drone  
  43  4:37  Drone  
  47  4:40  Drone  
  47  4:43  Drone  
  49  4:46  Drone  
  49  4:49  Hydralisk  
  49  4:51  Overlord  
  52  4:54  Drone  
  52  4:57  Drone  
  55  5:00  Drone  
  55  5:03  Drone  
  56  5:10  Drone  
  56  5:12  Roach  
  56  5:13  Overlord, Drone  
  60  5:15  Drone  
  61  5:22  Drone  
  61  5:25  Drone  
  63  5:32  Drone  
  64  5:35  Infestor  
  66  5:43  Overseer, Overlord, Drone  
  66  5:44  Spore Crawler  
  66  5:47  Spore Crawler, Drone  
  66  5:50  Drone  
  66  5:53  Drone  
  66  5:55  Roach  
  69  6:01  Overseer, Drone  
  70  6:05  Overlord  
  70  6:08  Drone  
  69  6:16  Hydralisk  
  69  6:17  Drone, Baneling Nest  
  69  6:18  Evolution Chamber  
  70  6:20  Drone  
  70  6:23  Drone  
  70  6:25  Spine Crawler  
  71  6:26  Drone  
  71  6:28  Overlord  
  71  6:30  Drone  
  73  6:38  Spine Crawler  
  73  6:39  Infestor, Spore Crawler  
  73  6:40  Drone  
  73  6:41  Spore Crawler  
  73  6:46  Queen  
  75  6:47  Drone  
  75  6:50  Drone  
  75  6:52  Queen  
  79  6:58  Roach  
  79  7:00  Spire, Drone  
  81  7:04  Evolution Chamber  
  81  7:06  Drone  
  81  7:07  Spine Crawler  
  80  7:11  Spine Crawler  
  80  7:12  Drone  
  80  7:16  Roach  
  82  7:34  Hydralisk  
  84  7:53  Hydralisk  
  86  9:29  Zergling x2  
  76  9:48  Roach  
  78  9:58  Hydralisk, Hatchery  
  78  9:59  Pneumatized Carapace  
  78  10:00  Overseer, Overlord  
  78  10:01  Overlord  
  78  10:02  Zerg Melee Weapons Level 1  
  78  10:03  Zerg Ground Armor Level 1  
  60  10:11  Roach  
  47  10:22  Infestor, Drone  
  47  10:25  Drone  
  35  10:28  Drone  
  35  10:30  Roach  
  35  10:31  Drone  
  35  10:34  Drone  
  33  10:36  Mutalisk  
  33  10:37  Drone  
  33  10:40  Drone  
  33  10:42  Queen  
  30  10:43  Overseer, Drone  
  30  10:44  Roach  
  30  10:46  Drone  
  30  10:49  Drone  
  33  10:58  Mutalisk  
  31  11:05  Overseer  
  31  11:10  Zergling x2  
  31  11:11  Overseer  
  23  11:17  Queen  
  23  11:18  Zergling x2  
  20  11:28  Drone  
  20  11:32  Overseer  
  17  11:37  Infestation Pit  
  17  11:39  Drone  
  10  11:48  Spine Crawler, Overlord, Hydralisk  
  10  11:49  Drone  
  10  11:52  Drone  
Tags
 
Add a new tag
Caveats
  • Supply blocks, unpowered buildings, or Contaminate may cause inaccurate times.
  • Supply counts are checked every 10 seconds.